Map: Triton LE

Players

Ratl - Winner!

  • Race: Protoss Protoss
  • Spawn Location: 11:00

VOD

Have the link to the VOD?

Description

Time

  • Played on: Oct. 30, 2019, 11:22 a.m.
  • Length: 29:03
Show
View Real Time Build Order
Export as new Build Order

Ratl Protoss - Winner!

Build Orders:  

Get SALT Encoding   

  12  0:03  Probe (Chrono Boost)  
  13  0:15  Probe (Chrono Boost)  
  14  0:30  Pylon  
  14  1:02  Gateway  
  14  1:07  Pylon  
  14  1:12  Pylon  
  14  1:19  Assimilator  
  15  1:20  Probe (Chrono Boost)  
  15  1:31  Probe (Chrono Boost)  
  16  1:42  Probe (Chrono Boost)  
  17  1:58  Probe (Chrono Boost)  
  18  2:00  Assimilator  
  18  2:09  Zealot  
  20  2:15  Probe (Chrono Boost)  
  22  2:31  Probe (Chrono Boost)  
  22  2:48  Probe (Chrono Boost)  
  23  2:50  Forge  
  23  3:02  Pylon  
  23  3:05  Probe (Chrono Boost)  
  23  3:06  Pylon  
  24  3:13  Cybernetics Core  
  24  3:16  Probe (Chrono Boost)  
  25  3:46  Zealot  
  27  3:58  Gateway  
  27  4:19  Photon Cannon  
  27  4:24  Zealot  
  27  4:25  Photon Cannon  
  29  5:02  Zealot  
  31  5:24  Nexus  
  31  5:40  Sentry  
  31  5:41  Pylon  
  31  5:45  Pylon  
  31  5:49  Pylon  
  33  6:09  Zealot  
  35  6:17  Sentry  
  37  6:47  Zealot  
  39  6:53  Photon Cannon  
  39  6:54  Stalker  
  39  6:57  Photon Cannon  
  41  7:16  Stalker  
  41  7:24  Sentry  
  41  7:29  Probe (Chrono Boost)  
  46  7:41  Probe (Chrono Boost)  
  47  7:53  Zealot  
  47  7:54  Probe (Chrono Boost)  
  50  8:02  Protoss Ground Armor Level 1 (Chrono Boost)  
  50  8:09  Probe  
  51  8:16  Assimilator  
  51  8:19  Assimilator  
  51  8:26  Probe  
  52  8:41  Twilight Council  
  52  8:43  Probe, Protoss Air Weapons Level 1  
  52  8:48  Pylon  
  53  8:57  Robotics Facility  
  53  8:58  Probe (Chrono Boost)  
  53  9:04  Robotics Facility  
  54  9:11  Probe (Chrono Boost)  
  55  9:22  Probe (Chrono Boost)  
  56  9:39  Probe (Chrono Boost)  
  57  9:56  Probe (Chrono Boost)  
  58  10:02  Zealot x2  
  38  10:40  Immortal, Zealot x2  
  46  10:52  Protoss Shields Level 1  
  46  11:00  Probe (Chrono Boost)  
  46  11:07  Sentry  
  43  11:11  Probe (Chrono Boost)  
  43  11:18  Sentry  
  48  11:25  Probe (Chrono Boost)  
  45  11:41  Sentry  
  45  11:42  Probe (Chrono Boost)  
  45  11:43  Protoss Air Armor Level 1  
  48  11:55  Stalker  
  48  11:59  Probe (Chrono Boost), Photon Cannon  
  51  12:02  Photon Cannon  
  51  12:06  Photon Cannon  
  51  12:18  Stalker  
  53  12:28  Immortal  
  53  12:29  Immortal  
  61  12:32  Assimilator x2  
  61  12:33  Nexus  
  61  12:34  Pylon  
  61  12:38  Pylon  
  61  12:41  Pylon  
  61  12:42  Zealot  
  63  13:00  Zealot  
  65  13:16  Photon Cannon  
  65  13:17  Zealot (Chrono Boost)  
  65  13:18  Photon Cannon  
  65  13:23  Photon Cannon  
  67  13:36  Probe (Chrono Boost)  
  68  13:51  Probe  
  69  14:07  Protoss Ground Weapons Level 1 (Chrono Boost)  
  69  14:09  Probe (Chrono Boost)  
  70  14:13  Pylon  
  70  14:18  Probe (Chrono Boost)  
  70  14:19  Photon Cannon  
  70  14:22  Photon Cannon  
  71  14:31  Probe (Chrono Boost)  
  71  14:33  Immortal  
  76  14:43  Zealot  
  76  14:44  Probe (Chrono Boost), Zealot  
  82  15:00  Probe (Chrono Boost)  
  82  15:01  Probe (Chrono Boost)  
  82  15:08  Zealot  
  83  15:16  Probe  
  83  15:18  Probe  
  85  15:25  Zealot  
  89  15:35  Probe  
  90  15:45  Stalker  
  92  15:52  Probe  
  92  15:59  Stargate  
  93  16:01  Stargate  
  93  16:03  Stalker  
  93  16:09  Templar Archives  
  95  16:14  Robotics Bay  
  95  16:19  Dark Shrine  
  95  16:27  Sentry  
  95  16:29  Probe (Chrono Boost)  
  97  16:38  Unknown  
  94  16:42  Probe (Chrono Boost)  
  94  16:43  Sentry (Chrono Boost)  
  93  16:55  Probe (Chrono Boost)  
  93  16:56  Stalker (Chrono Boost)  
  96  17:10  Probe (Chrono Boost)  
  100  17:31  Protoss Ground Weapons Level 2  
  102  17:41  Fleet Beacon  
  102  17:50  Unknown  
  102  17:56  Probe  
  102  18:01  Photon Cannon  
  102  18:10  Assimilator  
  102  18:12  Probe (Chrono Boost)  
  102  18:14  Pylon, Unknown, Nexus  
  102  18:17  Assimilator  
  102  18:19  Pylon, Colossus  
  103  18:20  Colossus  
  103  18:22  Pylon, Colossus  
  103  18:23  Colossus  
  103  18:24  Pylon  
  103  18:25  Probe (Chrono Boost)  
  104  18:38  Probe (Chrono Boost)  
  105  18:55  Probe (Chrono Boost)  
  106  19:07  Unknown  
  106  19:22  Zealot x2  
  106  19:36  Unknown  
  90  19:56  Archon  
  82  20:42  Probe (Chrono Boost)  
  83  20:52  Protoss Ground Armor Level 2  
  83  20:54  Probe (Chrono Boost)  
  83  20:58  Stalker  
  86  21:03  Sentry  
  86  21:07  Colossus x2  
  86  21:08  Probe (Chrono Boost)  
  99  21:12  Tempest x2  
  107  21:25  Probe (Chrono Boost)  
  104  21:39  Stalker  
  101  21:40  Sentry  
  101  21:42  Probe (Chrono Boost)  
  103  22:12  Tempest x2  
  103  22:16  Colossus (Chrono Boost)  
  103  22:17  Sentry  
  115  22:21  Stalker  
  129  22:33  Colossus (Chrono Boost)  
  129  22:54  Sentry  
  129  22:58  Gateway  
  131  23:02  Gateway  
  131  23:03  Stalker  
  131  23:04  Pylon  
  133  23:12  Tempest  
  144  23:31  Sentry  
  144  23:34  Colossus (Chrono Boost)  
  152  23:43  Nexus  
  152  23:48  Colossus (Chrono Boost)  
  154  24:03  Pylon  
  154  24:04  Assimilator  
  154  24:05  Assimilator  
  154  24:06  Pylon  
  154  24:08  High Templar x3  
  160  24:11  Pylon  
  160  24:15  Stalker  
  160  24:16  Photon Cannon x2  
  160  24:18  Void Ray  
  160  24:22  Photon Cannon  
  160  24:28  Colossus (Chrono Boost)  
  164  24:35  Protoss Shields Level 2 (Chrono Boost)  
  170  24:41  Colossus (Chrono Boost)  
  170  24:50  Dark Templar x2  
  176  25:09  Void Ray  
  194  25:24  Dark Templar  
  194  25:38  Colossus  
  200  25:42  Psionic Storm  
  200  25:58  Archon  
  196  26:19  High Templar  
  198  27:14  High Templar  
  200  27:20  Blink  
  194  27:57  Unknown  
  196  28:25  Probe (Chrono Boost)  
  195  28:35  Nexus  
  195  28:37  Probe (Chrono Boost)  
  195  28:38  Assimilator  
  195  28:44  Assimilator  
  196  28:51  Unknown  
Tags
 
Matchup
Co-op
Add a new tag
Caveats
  • Supply blocks, unpowered buildings, or Contaminate may cause inaccurate times.
  • Supply counts are checked every 10 seconds.